 Dungeon Crawl Stone Soup version 0.24.0-37-gcf1ca852f1 (webtiles) character file.

Game seed: 13924626399039886796, levelgen mode: deterministic

7813 Curus the Basher (level 11, -6/111 HPs)
             Began as a Minotaur Monk on Nov 25, 2019.
             Was a High Priest of Okawaru.
             Mangled by a death yak (15 damage)
             ... on level 8 of the Dungeon.
             The game lasted 00:32:23 (6712 turns).

Curus the Basher (Minotaur Monk)                    Turns: 6712, Time: 00:32:24

Health: -6/111     AC: 21    Str: 16    XL:     11   Next: 1%
Magic:  7/10       EV:  6    Int:  9    God:    Okawaru [*****.]
Gold:   325        SH:  5    Dex: 19    Spells: 10/10 levels left

rFire    + . .     SeeInvis .   t - +2 flail
rCold    . . .     Gourm    .   C - +1 buckler {rPois}
rNeg     . . .     Faith    .   e - +2 plate armour {rF+}
rPois    +         Spirit   .   (helmet restricted)
rElec    +         Reflect  .   h - +0 cloak
rCorr    .         Harm     .   (no gloves)
MR       +....                  q - +2 pair of boots {Fly}
Stlth    ..........             (no amulet)
HPRegen  0.28/turn              B - ring of Orthodoxy {rElec MR+ Dex+3 Stlth+}
MPRegen  0.12/turn              o - +2 ring of intelligence

@: flying
A: retaliatory headbutt, horns 2, robust 1, MP-powered wands
a: Heroism, Finesse, Renounce Religion, Stop Flying


You were on level 8 of the Dungeon.
You worshipped Okawaru.
Okawaru was extremely pleased with you.
You were very hungry.

You visited 2 branches of the dungeon, and saw 10 of its levels.

You collected 445 gold pieces.
You spent 120 gold pieces at shops.

Inventory:

Hand Weapons
 a - a +1 mace
 n - a +4 mace
 t - a +2 flail (weapon)
 y - a +1 longbow of flaming
Armour
 b - a +0 robe
 e - a +2 plate armour of fire resistance (worn)
 h - a +0 cloak (worn)
 q - a +2 pair of boots of flying (worn)
 x - a +0 shield
 C - a +1 buckler of poison resistance (worn)
Jewellery
 o - a +2 ring of intelligence (right hand)
 p - an uncursed ring of poison resistance
 B - the ring of Orthodoxy (left hand) {rElec MR+ Dex+3 Stlth+}
   (You found it on level 9 of the Dungeon)

   [ring of stealth]

   It affects your dexterity (+3).
   It insulates you from electricity.
   It affects your resistance to hostile enchantments.
   It makes you more stealthy.
Wands
 g - a wand of paralysis (10)
 i - a wand of acid (8)
 w - a wand of flame (26)
Scrolls
 f - 4 scrolls of remove curse
 k - a scroll of magic mapping
 l - a scroll of amnesia
 m - 3 scrolls of identify
 s - a scroll of fog
 u - 3 scrolls of blinking
 v - 2 scrolls of teleportation
Potions
 d - a potion of cancellation
 j - 3 potions of curing
 r - a potion of brilliance
 A - a potion of haste
Comestibles
 c - 8 rations


   Skills:
 + Level 10.9 Fighting
 - Level 14.0 Maces & Flails
 + Level 10.2 Armour
 - Level 3.2 Dodging
 - Level 1.5 Stealth


You had 10 spell levels left.
You didn't know any spells.
Your spell library was empty.

Dungeon Overview and Level Annotations

Branches:
Dungeon (9/15)             Temple (1/1) D:4
   Lair: D:8-11         Orc: D:9-12

Altars:
Ashenzari
Cheibriados
Dithmenos
Elyvilon
Fedhas
Gozag
Hepliaklqana
Kikubaaqudgha
Makhleb
Nemelex Xobeh
Okawaru
Qazlal
Ru
Sif Muna
Trog
Uskayaw
Vehumet
Wu Jian
Xom
Yredelemnul
Zin
The Shining One

Shops:
D:4 [[   D:5 [   D:6 (%%[   D:8 ([%*


Innate Abilities, Weirdness & Mutations

You reflexively headbutt those who attack you in melee.
You have a pair of horns on your head.
You are robust. (+10% HP)
You expend magic power (3 MP) to strengthen your wands.


Message History

The death yak snorts and paws the ground.
The death yak barely misses you. You furiously retaliate!
You headbutt the death yak, but do no damage.
The death yak closely misses you.
You hit the death yak.
The death yak is severely wounded.
You hit the death yak but do no damage.
The death yak is severely wounded.
The death yak gores you but does no damage.
The death yak gores you!
* * * LOW HITPOINT WARNING * * *
You hit the death yak but do no damage.
The death yak is severely wounded.
The death yak gores you!
* * * LOW HITPOINT WARNING * * *
The death yak gores you but does no damage.
You feel like a meek peon again.
The death yak gores you but does no damage.
The death yak gores you!
You die...

#...(.. #...(## ###
###..#... #.#
#....#...
##.####....#...
#...##...#.#... ###
##...#..[#..[..
##>####........#.#..
#.Y@................
##.Y.........##....#.
#.....##...........##
###>...###............
#....### ##......##...
##...# ##......#.....
###.####...#...#.#..#
##....##...#.....##..
##......#.......####..


You could see 2 death yaks.

Vanquished Creatures
  5 death yaks
  A two-headed ogre (D:8)
  Joseph (D:7)
  Grinder (D:5)
  Prince Ribbit (D:7)
  2 hungry ghosts
  An ice beast (D:9)
  2 orc warriors
  2 phantoms
  4 centaurs
  5 ogres
  A crocodile (D:8)
  2 bullfrogs
  A gnoll sergeant (D:5)
  A wyvern skeleton (D:6)
  A water moccasin skeleton (D:8)
  3 scorpions
  A howler monkey (D:5)
  9 orc wizards
  6 crimson imps
  Crazy Yiuf (D:3)
  2 jellies
  2 orc priests
  4 hounds
  2 bullfrog skeletons
  2 centaur skeletons
  Jessica (D:3)
  3 iguanas
  7 worker ants
  A hound skeleton (D:7)
  Robin (D:3)
  6 gnolls (D:5)
  A howler monkey skeleton (D:7)
  8 adders
  An adder skeleton (D:5)
  5 worms
  6 leopard geckos
  27 orcs
  2 ball pythons
  5 bats
  5 giant cockroaches
  14 goblins
  9 hobgoblins
  2 jackals (D:4)
  4 quokkas
  A frilled lizard (D:5)
  A jackal skeleton (D:5)
  8 kobolds
  A quokka skeleton (D:6)
  A quokka zombie (D:9)
  3 rats
186 creatures vanquished.

Notes
Turn   | Place    | Note
-------+----------+-------------------------------------------
     0 | D:1      | Curus the Minotaur Monk began the quest for the Orb.
     0 | D:1      | Reached XP level 1. HP: 19/19 MP: 0/0
    46 | D:1      | Reached skill level 4 in Maces & Flails
   146 | D:1      | Reached XP level 2. HP: 21/26 MP: 1/1
   551 | D:2      | Found a shadowy altar of Dithmenos.
   591 | D:2      | Reached skill level 5 in Maces & Flails
   591 | D:2      | Reached XP level 3. HP: 29/31 MP: 2/2
  1364 | D:3      | Reached XP level 4. HP: 39/39 MP: 3/3
  1371 | D:3      | Reached skill level 6 in Maces & Flails
  1430 | D:3      | Noticed Robin
  1444 | D:3      | Killed Robin
  1708 | D:3      | Found a faded altar of an unknown god.
  1785 | D:3      | Found a runed translucent door.
  1786 | D:3      | Noticed Crazy Yiuf
  1866 | D:3      | Noticed Jessica
  1873 | D:3      | Killed Jessica
  1873 | D:3      | Reached skill level 7 in Maces & Flails
  1873 | D:3      | Reached XP level 5. HP: 36/45 MP: 4/4
  2221 | D:3      | Killed Crazy Yiuf
  2293 | D:4      | Gained mutation: You expend magic power (3 MP) to
                  | strengthen your wands. [potion of mutation]
  2293 | D:4      | Gained mutation: You are robust. (+10% HP) [potion of
                  | mutation]
  2580 | D:4      | Reached skill level 8 in Maces & Flails
  2580 | D:4      | Reached XP level 6. HP: 56/56 MP: 5/5
  2722 | D:4      | Found Bixepurgh's Antique Armour Boutique.
  2748 | D:4      | Found a staircase to the Ecumenical Temple.
  2806 | Temple   | Entered the Ecumenical Temple
  2811 | Temple   | Became a worshipper of Warmaster Okawaru
  2811 | Temple   | Reached * piety under Okawaru
  2811 | Temple   | Reached ** piety under Okawaru
  2840 | D:4      | Found Apti's Antique Armour Emporium.
  3072 | D:5      | Entered Level 5 of the Dungeon
  3077 | D:5      | Reached skill level 9 in Maces & Flails
  3091 | D:5      | Found Annar's Antique Armour Boutique.
  3094 | D:5      | Bought a pair of embroidered boots for 120 gold pieces
  3118 | D:5      | Reached XP level 7. HP: 62/62 MP: 6/6
  3150 | D:5      | Reached skill level 10 in Maces & Flails
  3169 | D:5      | Found an opulent altar of Gozag.
  3318 | D:5      | Reached skill level 11 in Maces & Flails
  3386 | D:5      | Noticed Grinder
  3402 | D:5      | Killed Grinder
  3402 | D:5      | Reached *** piety under Okawaru
  3402 | D:5      | Reached XP level 8. HP: 40/70 MP: 7/7
  3424 | D:5      | Reached skill level 12 in Maces & Flails
  3428 | D:5      | Found a burning altar of Makhleb.
  3799 | D:6      | Found Opoprun's Food Emporium.
  3886 | D:6      | Reached skill level 13 in Maces & Flails
  3887 | D:6      | HP: 3/70 [poisoned by an orc warrior]
  3892 | D:6      | HP: 2/70 [poisoned by an orc warrior]
  3899 | D:6      | HP: 2/70 [poisoned by an orc warrior]
  3907 | D:6      | HP: 1/70 [poisoned by an orc warrior]
  4149 | D:6      | Found Onti Kuo's Antique Weapon Shop.
  4203 | D:6      | Found Wugedgh's Antique Armour Shoppe.
  4313 | D:6      | Reached **** piety under Okawaru
  4335 | D:6      | Reached XP level 9. HP: 72/77 MP: 8/8
  4358 | D:6      | Found Nufu's Food Emporium.
  4574 | D:7      | Reached skill level 14 in Maces & Flails
  4623 | D:7      | Noticed Joseph
  4644 | D:7      | Killed Joseph
  4652 | D:7      | Reached skill level 5 in Fighting
  4662 | D:7      | HP: 4/81 [poisoned by a worker ant]
  4668 | D:7      | HP: 3/81 [poisoned by a worker ant]
  4676 | D:7      | HP: 3/81 [poisoned by a worker ant]
  5113 | D:7      | Noticed Prince Ribbit
  5140 | D:7      | Killed Prince Ribbit
  5140 | D:7      | Reached ***** piety under Okawaru
  5202 | D:7      | Reached skill level 5 in Armour
  5590 | D:8      | Found Tiatru's Food Emporium.
  5674 | D:8      | Found a shimmering altar of Xom.
  5674 | D:8      | Noticed a two-headed ogre
  5683 | D:8      | Killed a two-headed ogre
  5683 | D:8      | Received a gift from Okawaru
  5683 | D:8      | Reached XP level 10. HP: 27/96 MP: 9/9
  5884 | D:8      | Found a bloodstained altar of Trog.
  5887 | D:8      | Found an ornate altar of the Wu Jian Council.
  5890 | D:8      | Found a sparkling altar of Nemelex Xobeh.
  5983 | D:8      | Found Paekkit's Weapon Boutique.
  5995 | D:8      | Found Guysocism's Antique Armour Emporium.
  6078 | D:8      | Found Texkoxor's General Store.
  6286 | D:9      | Got an ancient silver ring
  6292 | D:9      | Identified the ring of Orthodoxy {rElec MR+ Dex+3 Stlth+}
                  | (You found it on level 9 of the Dungeon)
  6398 | D:9      | Noticed a death yak
  6399 | D:9      | Noticed a death yak
  6399 | D:9      | Noticed a death yak
  6399 | D:9      | Noticed a death yak
  6399 | D:9      | Noticed a death yak
  6399 | D:9      | Noticed a death yak
  6399 | D:9      | Noticed a death yak
  6402 | D:9      | Noticed a death yak
  6405 | D:9      | Killed a death yak
  6407 | D:9      | Noticed a death yak
  6418 | D:9      | Killed a death yak
  6436 | D:9      | Killed a death yak
  6436 | D:9      | Reached skill level 10 in Fighting
  6446 | D:9      | Killed a death yak
  6446 | D:9      | Received a gift from Okawaru
  6446 | D:9      | Reached skill level 10 in Armour
  6513 | D:8      | Killed a death yak
  6513 | D:8      | Reached XP level 11. HP: 29/111 MP: 8/10
  6712 | D:8      | Mangled by a death yak

Levels and vault maps discovered:
D:1:      wander_arrival_fairy_ring, layout_loops_ring
D:2:      layout_basic, nicolae_dithmenos_through_a_glass_darkly
D:3:      layout_basic, chequers_ecumenical_altar_island, first_ration,
          kennysheep_jessica_study, uniq_robin, uniq_crazy_yiuf_cottage,
          uniq_jessica
D:4:      layout_gridville, minmay_temple_entry_statues_fountains, serial_shops,
          kennysheep_mini, shop
D:5:      layout_loops_cross, lemuel_crystal_altar, grunt_gozag_statues,
          serial_shops, shop, minmay_misc_feat_pillars, lightli_minifort,
          uniq_grinder
D:6:      layout_cave_pools, serial_shops, shop, shop, shop,
          kennysheep_little_box
D:7:      layout_rooms, uniq_prince_ribbit1, uniq_joseph
D:8:      layout_cave_pools, grunt_temple_overflow_cloverleaf, serial_shops,
          shop_fountains, shop, shop, shop_coins
D:9:      layout_long_grid, dpeg_lair_monsters
Temple:   minmay_freezing_vapour_temple

Skill      XL: |  1  2  3  4  5  6  7  8  9 10 |
---------------+-------------------------------+-----
Maces & Flails | 4 5 7 8 9 11 13 14 | 14.0
Fighting       | 8 10 | 10.9
Armour         | 7 10 | 10.2
Dodging        | |  3.2
Stealth        | |  1.5

Action                   |  1- 3 |  4- 6 |  7- 9 | 10-12 || total
-------------------------+-------+-------+-------+-------++-------
Melee: Mace              |    80 |   124 |    45 |       ||   249
       Headbutt          |     9 |    37 |    65 |    36 ||   147
       Flail             |       |       |   303 |   151 ||   454
Invok: Heroism           |       |       |     2 |     4 ||     6
Evoke: Wand              |       |       |       |     3 ||     3
  Use: Scroll            |     5 |     4 |     4 |       ||    13
       Potion            |     3 |     6 |     5 |     2 ||    16
 Stab: Sleeping          |     1 |       |       |       ||     1
       Invisible         |       |     1 |       |       ||     1
  Eat: Chunk             |     1 |     6 |     8 |     2 ||    17
       Ration            |       |       |     4 |       ||     4
Armor: Robe              |     2 |       |       |       ||     2
       Plate armour      |    43 |    57 |   156 |    73 ||   329
Dodge: Dodged            |    49 |    30 |    55 |    18 ||   152
Block: Shield            |       |       |    38 |    32 ||    70
       Buckler           |       |       |       |     2 ||     2
